Map: Blackpink LE

Players

rafapras

  • Race: Protoss Protoss
  • League: Diamond
  • Spawn Location: 7:00

Sunlight - Winner!

  • Race: Terran Terran
  • League: Diamond
  • Spawn Location: 1:00

VOD

Have the link to the VOD?

Description

Time

  • Played on: Dec. 2, 2017, 11:13 a.m.
  • Length: 7:40
Show
View Real Time Build Order
Export as new Build Order

rafapras Protoss 

Build Orders: Colossus Rush 

Get SALT Encoding   

  12  0:01  Probe  
  13  0:14  Probe  
  14  0:17  Pylon  
  14  0:26  Probe (Chrono Boost)  
  15  0:38  Probe (Chrono Boost)  
  15  0:39  Gateway  
  16  0:46  Assimilator  
  16  0:50  Probe  
  17  1:02  Probe  
  18  1:14  Probe  
  19  1:32  Cybernetics Core  
  19  1:35  Probe (Chrono Boost)  
  19  1:37  Pylon  
  21  1:47  Probe (Chrono Boost)  
  21  1:49  Probe  
  24  2:11  Stalker  
  24  2:12  Warp Gate  
  24  2:18  Assimilator  
  24  2:28  Gateway  
  25  2:30  Probe  
  25  2:42  Probe  
  26  2:53  Nexus  
  26  2:54  Probe  
  27  3:06  Robotics Facility, Probe  
  28  3:13  Pylon  
  28  3:17  Adept  
  28  3:18  Probe  
  31  3:31  Probe, Stalker  
  34  3:43  Probe  
  34  3:45  Shield Battery  
  35  3:55  Probe (Chrono Boost)  
  35  4:00  Shield Battery  
  36  4:07  Probe (Chrono Boost)  
  38  4:12  Observer  
  38  4:13  Probe x2 (Chrono Boost)  
  40  4:19  Probe (Chrono Boost)  
  43  4:25  Probe (Chrono Boost)  
  43  4:27  Probe x2 (Chrono Boost), Robotics Bay  
  42  4:33  Immortal  
  42  4:34  Probe  
  42  4:36  Probe  
  48  4:41  Assimilator  
  48  4:43  Assimilator  
  48  4:46  Probe (Chrono Boost)  
  48  4:50  Probe (Chrono Boost)  
  50  4:58  Probe (Chrono Boost)  
  51  5:02  Pylon  
  53  5:08  Probe x2 (Chrono Boost)  
  53  5:12  Probe  
  54  5:20  Probe, Pylon, Colossus (Chrono Boost)  
  61  5:24  Probe  
  62  5:38  Probe  
  62  5:40  Nexus  
  63  5:51  Probe x2  
  65  6:06  Adept  
  65  6:07  Adept  
  50  6:27  Stalker x2  
  50  6:28  Probe  
  55  6:43  Probe  
  44  6:51  Stalker x2  
  44  6:52  Probe  
  49  6:55  Probe  
  49  6:56  Probe  
  44  7:13  Probe  
  38  7:17  Stalker x2  
  38  7:18  Probe  
Show
View Real Time Build Order
Export as new Build Order

Sunlight Terran - Winner!

Build Orders:  

Get SALT Encoding   

  12  0:01  SCV  
  13  0:14  SCV  
  13  0:19  Supply Depot  
  14  0:27  SCV  
  15  0:36  Refinery  
  15  0:40  SCV  
  16  0:46  Barracks  
  16  0:53  SCV  
  17  1:05  SCV  
  18  1:17  SCV  
  19  1:29  SCV  
  20  1:39  Reaper  
  21  1:43  Orbital Command  
  21  1:54  Command Center  
  21  2:02  Supply Depot  
  21  2:17  Marine  
  21  2:19  Barracks  
  22  2:27  Supply Depot  
  22  2:29  SCV  
  23  2:36  Refinery  
  23  2:48  SCV, Marine  
  25  2:56  Factory  
  25  3:04  SCV  
  25  3:06  Orbital Command  
  25  3:09  Bunker  
  25  3:10  Barracks Tech Lab, Marine  
  26  3:17  SCV  
  27  3:41  Stimpack  
  27  3:42  Cyclone  
  27  3:44  Marine  
  27  3:45  Marine  
  32  3:49  SCV x2  
  32  3:54  Starport  
  34  4:05  Supply Depot  
  34  4:06  Marine x2  
  36  4:10  Supply Depot  
  36  4:14  Supply Depot  
  36  4:15  Factory Reactor  
  36  4:18  SCV x2  
  38  4:25  Engineering Bay  
  38  4:26  Marine  
  38  4:27  Marine  
  38  4:31  Medivac  
  42  4:35  SCV x2  
  44  4:47  SCV x2  
  44  4:52  Cyclone x2  
  52  4:54  Liberator  
  52  4:56  Missile Turret  
  52  4:59  SCV x2  
  54  5:01  Marine x2  
  59  5:15  SCV x2  
  59  5:18  Marine  
  62  5:29  Marine  
  62  5:35  Terran Infantry Weapons Level 1, Hellion x2  
  67  5:36  SCV, Marine  
  67  5:37  Command Center  
  69  5:57  Marine  
  59  6:17  Marine  
  59  6:18  Marine  
  58  6:19  Cyclone x2  
  61  6:35  Marine x2  
  62  6:51  Cyclone, Hellion  
  62  6:53  Marine x2  
  65  7:00  SCV  
  65  7:01  Barracks x3  
  68  7:17  Marine x2  
  70  7:24  Starport Reactor  
  70  7:25  SCV x2  
  70  7:28  Refinery  
  70  7:29  Refinery  
  67  7:39  Barracks  
Tags
 
Add a new tag
Caveats
  • Supply blocks, unpowered buildings, or Contaminate may cause inaccurate times.
  • Supply counts are checked every 10 seconds.